 Dungeon Crawl Stone Soup version 0.26.1-2-gb8aa6d0cf2 (webtiles) character file.

Game seed: 13243228970619255913

86 Descartes the Conjurer (level 4, -3/24 HPs)
             Began as a Deep Elf Conjurer on Feb 20, 2021.
             Slain by an orc
             ... wielding a cursed -2 flail
              (6 damage)
             ... on level 2 of the Dungeon.
             The game lasted 00:05:46 (2627 turns).

Descartes the Conjurer (Deep Elf Conjurer)          Turns: 2627, Time: 00:05:47

Health: -3/24      AC:  3    Str:  5    XL:     4   Next: 27%
Magic:  7/11       EV: 12    Int: 23    God:
Gold:   94         SH:  4    Dex: 19    Spells: 9/10 levels left

rFire    . . .     SeeInvis .   l - +0 dagger
rCold    . . .     Faith    .   e - +0 buckler (curse)
rNeg     . . .     Spirit   .   h - +0 leather armour
rPois    .         Reflect  .   (no helmet)
rElec    .         Harm     .   (no cloak)
rCorr    .         Rampage  .   (no gloves)
Will     .....                  (no boots)
Stlth    ++........             (no amulet)
HPRegen  0.08/turn              i - +6 ring of dexterity
MPRegen  0.12/turn              (no ring)

@: no status effects
A: no striking features
a: no special abilities


You were on level 2 of the Dungeon.
You visited 1 branch of the dungeon, and saw 3 of its levels.

You collected 94 gold pieces.

Inventory:

Hand Weapons
 l - a +0 dagger (weapon)
Missiles
 c - 83 stones
 j - 9 poisoned darts
 m - 5 atropa-tipped darts
 o - 3 javelins
 q - 15 sling bullets
Armour
 a - a +0 robe
 e - a cursed +0 buckler (worn)
 h - a +0 leather armour (worn)
 k - a cursed +0 ring mail
Jewellery
 i - a +6 ring of dexterity (left hand)
Scrolls
 d - 5 scrolls of remove curse {unknown}
 f - a scroll of teleportation {unknown}
 n - a scroll of enchant weapon {unknown}
Potions
 b - a potion of curing {unknown}
 g - a potion of mutation {unknown}
 p - a potion of ambrosia {unknown}


   Skills:
 + Level 3.3 Dodging
 + Level 3.4 Stealth
 + Level 1.0 Shields
 + Level 3.7 Spellcasting
 + Level 4.9 Conjurations


You had 9 spell levels left.
You knew the following spells:

 Your Spells              Type           Power        Failure   Level
a - Magic Dart            Conj           100%         3%          1

Your spell library contained the following spells:

 Spells                   Type           Power        Failure   Level
 Searing Ray              Conj           52%          5%          2
 Dazzling Flash           Conj/Hex       30%          28%         3
 Fulminant Prism          Conj/Hex       7%           67%         4
 Iskenderun's Mystic Bla  Conj/Tloc      15%          67%         4


Dungeon Overview and Level Annotations

Branches:
Dungeon (3/15)

Altars:


Message History

Confirm with . or Enter, or press ? or * to list all spells.
Aiming: Magic Dart (safe; 3% risk of failure)
Press: ? - help, Shift-Dir - straight line, f/p - adder
Aim: an adder (heavily wounded, 0% to evade)
The magic dart hits the adder.
The adder is almost dead.
The orc closely misses you.
The orc hits you with a cursed -2 flail!
* * * LOW HITPOINT WARNING * * *
The adder closely misses you.
Casting: Magic Dart (safe; 3% risk of failure)
Confirm with . or Enter, or press ? or * to list all spells.
Aiming: Magic Dart (safe; 3% risk of failure)
Press: ? - help, Shift-Dir - straight line, f/p - adder
Aim: an adder (almost dead, 0% to evade)
The magic dart hits the adder.
You kill the adder!
You block the orc's attack.
The orc hits you with a cursed -2 flail.
You die...

#.......#................##..#
#.......#...###############..#
#..............#.....######..#
#......###...#.#..............
#.##...........#####.######.##
####.#..........#..............#
..##.#............#####.########
#.#..#.....................###
#.#<##........#[@............#
#.#######......o[o.........#.#
#.#..รท...................#.#.#
#.#.######....#########.##.#.#
..............#########.##.#.#
#.#.........#.........#......#
#.#.........+...........#..###
...#.########...............#
#....############'#####.#.#.#


You could see 2 orcs.

Vanquished Creatures
  4 adders (D:2)
  A worm (D:2)
  3 leopard geckos (D:2)
  3 orcs (D:2)
  9 bats
  5 giant cockroaches
  3 goblins
  4 hobgoblins
  3 ball pythons (D:1)
  2 frilled lizards
  10 kobolds
  4 rats
51 creatures vanquished.

Notes
Turn   | Place    | Note
-------+----------+-------------------------------------------
     0 | D:1      | Descartes the Deep Elf Conjurer began the quest for the
                  | Orb.
     0 | D:1      | Reached XP level 1. HP: 10/10 MP: 6/6
   278 | D:1      | Reached XP level 2. HP: 15/15 MP: 6/8
  1198 | D:2      | Reached XP level 3. HP: 19/19 MP: 6/9
  2066 | D:2      | Reached XP level 4. HP: 24/24 MP: 6/11
  2424 | D:2      | Reached skill level 1 in Shields
  2627 | D:2      | Slain by an orc

Illustrated notes

Levels and vault maps discovered:
D:1:      dpeg_arrival_ternary, layout_basic
D:2:      layout_basic
D:3:      layout_rooms, vehumet_crystals, minmay_liquid_box, minmay_pentangle

Skill      XL: |  1  2  3  4 |
---------------+-------------+-----
Stealth        | 3 |  3.4
Dodging        | 3 |  3.3
Shields        | 1 |  1.0
Spellcasting   | |  3.7
Conjurations   | |  4.9

Action                   |  1- 3 |  4- 6 || total
-------------------------+-------+-------++-------
 Cast: Magic Dart        |    71 |    18 ||    89
Armor: Leather armour    |       |     5 ||     5
Dodge: Dodged            |     2 |    15 ||    17
Block: Buckler           |       |     6 ||     6
